 Dungeon Crawl Stone Soup version 0.30-a0-912-ge10d75a369 (webtiles) character file.

Game seed: 7913178784107994871

838 Grim the Destroyer (level 7, -1/36 HPs)
             Began as a Deep Elf Conjurer on Mar 19, 2023.
             Slain by an iguana (11 damage)
             ... on level 6 of the Dungeon.
             The game lasted 00:12:45 (6699 turns).

Grim the Destroyer (Deep Elf Conjurer)              Turns: 6699, Time: 00:12:46

Health: -1/36      AC:  3    Str:  6    XL:     7   Next: 67%
Magic:  4/13       EV: 13    Int: 23    God:
Gold:   244        SH:  0    Dex: 19    Spells: 6/12 levels left

rFire   . . .      SeeInvis .    m - staff of death
rCold   . . .      Faith    .    (no shield)
rNeg    + . .      Spirit   .    a - +0 robe
rPois   .          Reflect  .    (no helmet)
rElec   .          Rampage  .    s - scarf {+Inv}
rCorr   .                        (no gloves)
Will    .....                    b - +0 pair of boots
Stlth   ++                       (no amulet)
HPRegen 0.26/turn                i - +6 ring of dexterity
MPRegen 0.13/turn                (no ring)

@: no status effects
A: no striking features
a: Evoke Invisibility


You were on level 6 of the Dungeon.
You visited 1 branch of the dungeon, and saw 6 of its levels.

You collected 244 gold pieces.

Inventory:

Hand Weapons
 d - a +0 short sword
Armour
 a - a +0 robe (worn)
 b - a +0 pair of boots (worn)
 s - a scarf of invisibility (worn)
Magical Staves
 m - a staff of death (weapon)
Jewellery
 i - a +6 ring of dexterity (left hand)
Wands
 t - a wand of flame (19)
Scrolls
 c - 3 scrolls of identify {unknown}
 f - a scroll of noise {unknown}
 h - a scroll of blinking {unknown}
 k - a scroll of fog {unknown}
 n - a scroll of fear {unknown}
 o - 2 scrolls of poison {unknown}
 p - 2 scrolls of amnesia {unknown}
 r - a scroll of immolation {unknown}
 u - a scroll of silence {unknown}
Potions
 e - a potion of cancellation {unknown}
 g - 3 potions of mutation {unknown}
 j - 2 potions of curing
 l - 2 potions of brilliance {unknown}
 q - 2 potions of lignification {unknown}
 v - 3 potions of flight {unknown}


   Skills:
 - Level 2.0 Short Blades
 - Level 0.1 Staves
 - Level 2.4 Dodging
 - Level 2.4 Stealth
 - Level 3.0 Spellcasting
 * Level 8.0 Conjurations
 + Level 3.7 Air Magic
 + Level 4.1 Poison Magic


You had 6 spell levels left.
You knew the following spells:

 Your Spells              Type           Power      Damage    Failure   Level
a - Magic Dart            Conj           100%       1d8       1%          1
b - Searing Ray           Conj           80%        2d7       1%          2
c - Mephitic Cloud        Conj/Pois/Air  27%        N/A       4%          3

Your spell library contained the following spells:

 Spells                   Type           Power      Damage    Failure   Level
 Foxfire                  Conj/Fire      84%        2x1d8     2%          1
 Kiss of Death            Conj/Necr      100%       2d13      2%          1
 Dazzling Flash           Conj/Hex       42%        N/A       7%          3
 Stone Arrow              Conj/Erth      42%        3d9       7%          3
 Apportation              Tloc           6%         N/A       12%         1
 Sandblast                Erth           6%         2d5       12%         1
 Call Imp                 Summ           3%         N/A       17%         2
 Passwall                 Tmut/Erth      2%         N/A       17%         2
 Sublimation of Blood     Necr           5%         N/A       17%         2
 Wereblood                Tmut           3%         N/A       17%         2
 Fulminant Prism          Conj/Hex       10%        3d8       22%         4
 Iskenderun's Mystic Bla  Conj/Tloc      21%        2d6       22%         4
 Confusing Touch          Hex            3%         N/A       34%         3
 Inner Flame              Hex/Fire       3%         N/A       34%         3
 Fireball                 Conj/Fire      10%        3d6       52%         5
 Cause Fear               Hex            1%         N/A       75%         4
 Dispel Undead            Necr           5%         3d7       75%         4
 Alistair's Intoxication  Tmut/Pois      8%         N/A       80%         5
 Starburst                Conj/Fire      10%        6d5       98%         6
 Summon Hydra             Summ           1%         N/A       100%        7
 Discord                  Hex            1%         N/A       100%        8


Dungeon Overview and Level Annotations

Branches:
Dungeon (6/15)
 Temple: D:4-7

Altars:
Gozag
Ru

Shops:
D:1 :   D:2 (


Message History

Press: ? - help, Q - select action, (/) - cycle Shift-Dir - straight line, f/p - ice beast
Aim: an ice beast (almost dead, 100% to hit)
The magic dart hits the ice beast but does no damage.
The ice beast is almost dead.
The ice beast hits you. The ice beast freezes you!
* * * LOW HITPOINT WARNING * * *
Aiming: Magic Dart (safe; 1% risk of failure)
Press: ? - help, Q - select action, (/) - cycle Shift-Dir - straight line, f/p - ice beast
Aim: an ice beast (almost dead, 100% to hit)
The magic dart hits the ice beast but does no damage.
The ice beast is almost dead.
The ice beast barely misses you.
You hit the ice beast but do no damage.
The ice beast is almost dead.
The ice beast hits you.
* * * LOW HITPOINT WARNING * * *
The ice beast freezes you!
* * * LOW HITPOINT WARNING * * *
It was a potion of curing.
You feel better. The ice beast hits you.
* * * LOW HITPOINT WARNING * * *
The ice beast freezes you!
* * * LOW HITPOINT WARNING * * *
An iguana comes into view.
The ice beast attacks as you move away! The ice beast closely misses you.
The ice beast attacks as you move away! The ice beast closely misses you.
The iguana hisses angrily.
The iguana attacks as you move away! The iguana barely misses you.
Found a robe.
The iguana attacks as you move away! The iguana barely misses you.
Found 4 stones.
The iguana hisses menacingly.
You see here a +0 robe.
The iguana misses you. The iguana attacks as you move away!
The iguana barely misses you.
You see here 4 stones.
The iguana attacks as you move away! The iguana bites you.
* * * LOW HITPOINT WARNING * * *
Okay, then.
You feel better. The iguana bites you!
You die...

###
..#
#.#
#.#
#@#
#l#
#Y#
#(#
#.#
#.# #
###.#
#.
#.[.#
##.###
#.###


You could see an ice beast and an iguana.

Vanquished Creatures
  A black bear (D:5)
  2 scorpions (D:4)
  2 howler monkeys
  2 jellies (D:5)
  4 hounds
  An orc priest (D:5)
  A gnoll bouda (D:5)
  2 iguanas (D:5)
  An orc wizard (D:3)
  5 gnolls (D:5)
  6 adders
  A white imp (D:5)
  An ufetubus (D:5)
  5 worms
  3 dart slugs
  16 orcs
  10 ball pythons
  8 endoplasms
  4 giant cockroaches
  6 goblins
  7 hobgoblins
  A quokka (D:3)
  8 bats
  3 frilled lizards
  9 kobolds
  5 rats
114 creatures vanquished.

Notes
Turn   | Place    | Note
-------+----------+-------------------------------------------
     0 | D:1      | Grim the Deep Elf Conjurer began the quest for the Orb.
     0 | D:1      | Reached XP level 1. HP: 10/10 MP: 6/6
   181 | D:1      | Reached XP level 2. HP: 15/15 MP: 2/8
   308 | D:1      | Reached skill level 1 in Short Blades
   916 | D:1      | Found Mukhlysh's Book Emporium.
  1272 | D:2      | Found Ybotoeha's Weapon Shop.
  1413 | D:2      | Reached XP level 3. HP: 12/19 MP: 7/9
  1723 | D:2      | Reached skill level 5 in Conjurations
  1777 | D:2      | Learned a level 2 spell: Searing Ray
  1781 | D:2      | Learned a level 3 spell: Mephitic Cloud
  2333 | D:3      | Reached skill level 1 in Poison Magic
  2333 | D:3      | Reached XP level 4. HP: 24/24 MP: 1/10
  2430 | D:3      | Reached skill level 1 in Air Magic
  2529 | D:3      | Found an opulent altar of Gozag.
  2535 | D:3      | Found an opulent altar of Gozag.
  2535 | D:3      | Found an opulent altar of Gozag.
  2541 | D:3      | Found an opulent altar of Gozag.
  3320 | D:3      | Identified the +0 robe of Misanthropy {rC- rN+++ Regen+
                  | Int+5}
  3579 | D:4      | Reached XP level 5. HP: 21/28 MP: 3/11
  3583 | D:3      | Reached skill level 6 in Conjurations
  4096 | D:4      | Reached XP level 6. HP: 28/32 MP: 4/12
  4636 | D:5      | Entered Level 5 of the Dungeon
  5484 | D:5      | Reached skill level 7 in Conjurations
  5551 | D:5      | Reached XP level 7. HP: 31/36 MP: 0/13
  6017 | D:5      | Found a sacrificial altar of Ru.
  6627 | D:6      | Reached skill level 8 in Conjurations
  6699 | D:6      | Slain by an iguana

Illustrated notes

Levels and vault maps discovered:
D:1:      heliophobic_arrival_enchanted_forest, layout_loops_corners,
          serial_shops, shop
D:2:      layout_basic, serial_shops, nicolae_shop_crystal
D:3:      layout_basic, nicolae_gozag_conspicuous_consumption,
          cheibrodos_sewer_entry_bend, hangedman_decor_clover_reticule,
          minmay_increasing_density
D:4:      layout_basic
D:5:      layout_loops_ring, nicolae_ru_the_path_less_chosen, dk_noncrumbling_2,
          minmay_crossroads
D:6:      layout_loops_ring, minmay_temple_entry_antechambers,
          gammafunk_ghost_smash

Skill      XL: |  1  2  3  4  5  6  7 |
---------------+----------------------+-----
Short Blades   | 1 2 |  2.0
Conjurations   | 5 6 7 8 |  8.0
Poison Magic   | 1 2 3 4 |  4.1
Air Magic      | 1 2 3 |  3.7
Staves         | |  0.1
Dodging        | |  2.4
Stealth        | |  2.4
Spellcasting   | |  3.0

Action                     |  1- 3 |  4- 6 |  7- 9 || total
---------------------------+-------+-------+-------++-------
  Melee: Short sword       |    12 |       |       ||    12
         Staff             |     4 |     8 |     1 ||    13
   Cast: Magic Dart        |    71 |   109 |    48 ||   228
         Searing Ray       |     2 |    14 |     4 ||    20
         Mephitic Cloud    |       |     1 |       ||     1
    Use: Scroll            |       |     1 |       ||     1
         Potion            |       |       |     3 ||     3
 Armour: Robe              |     5 |     6 |     3 ||    14
  Dodge: Dodged            |    16 |    20 |    18 ||    54

Table legend: (Time is in decaauts)
 A = Elapsed time spent in this place.
 B = Non-inter-level travel time spent in this place.
 C = Inter-level travel time spent in this place.
 D = Time resting spent in this place.
 E = Time spent auto-exploring this place.
 F = Levels seen in this place.
 G = Mean time per level.
                   A        B        C        D        E       F      G
               +--------+--------+--------+--------+--------+-----+--------+
         Total |   6710 |   6541 |    169 |   2102 |   3776 |   6 | 1118.3 |
       Dungeon |   6710 |   6541 |    169 |   2102 |   3776 |   6 | 1118.3 |
               +--------+--------+--------+--------+--------+-----+--------+

Top non-repeatable levels by time:
     D:5: 1837 daAuts
     D:3: 1438 daAuts
     D:2: 1145 daAuts
     D:4: 1129 daAuts
     D:1: 1082 daAuts
     D:6: 77 daAuts
